 Dungeon Sprint DCSS version 0.26-a0-658-gbdda728c12 (webtiles) character file.

Game seed: 17841647099345649221

16928 sahdkjhfkaj the Brawler (level 12, -10/131 (132) HPs)
             Began as a Troll Monk on Oct 4, 2020.
             Was the Champion of Lugonu.
             Mangled by an orc knight
             ... wielding a +0 battleaxe
              (12 damage)
             ... in the Dungeon (Sprint VII: "The Pits").
             The game lasted 00:08:46 (2847 turns).

sahdkjhfkaj the Brawler (Troll Monk)                Turns: 2847, Time: 00:08:46

HP:   -10/131 (132) AC: 13    Str: 26    XL:     12   Next: 14%
MP:   17/20         EV: 15    Int:  6    God:    Lugonu [******]
Gold: 29            SH:  0    Dex: 12    Spells: 11/11 levels left

rFire    . . .     SeeInvis +     - Unarmed
rCold    . . .     Faith    .   (no shield)
rNeg     . . .     Spirit   .   q - +0 acid dragon scales
rPois    .         Reflect  .   (helmet restricted)
rElec    .         Harm     .   (no cloak)
rCorr    +         Rampage  .   (gloves unavailable)
MR       +....     NoTele   +   (boots unavailable)
Stlth    +.........             (no amulet)
HPRegen  0.71/turn              v - ring of protection from magic
MPRegen  0.17/turn              w - ring of see invisible

@: lethally poisoned (-10 -> -10)
A: large, unfitting armour, claws 3, regeneration 1, shaggy fur 1, tough skin 3
a: Bend Space, Banish, Corrupt, Brand Weapon With Distortion, Renounce Religion


You were in the Dungeon.
You worshipped Lugonu.
Lugonu was exalted by your worship.
You visited 1 branch You collected 29 gold pieces.

Inventory:

Armour
 q - +0 acid dragon scales (worn)
Jewellery
 m - a +3 ring of strength
 n - a +3 ring of evasion
 v - a ring of protection from magic (left claw)
 w - a ring of see invisible (right claw)
 y - an uncursed ring of magical power
Scrolls
 a - 6 scrolls of enchant armour
 g - a scroll of blinking
 i - 3 scrolls of remove curse
 j - 5 scrolls of amnesia
 k - a scroll of summoning
 l - 2 scrolls of vulnerability
 r - 5 scrolls of identify
 s - a scroll of fog
 t - 2 scrolls of enchant weapon
 u - a scroll of fear
Potions
 b - 11 potions of curing
 c - 15 potions of heal wounds
 d - 3 potions of haste
 e - 4 potions of magic
 f - 4 potions of berserk rage
 h - 2 potions of invisibility
 o - 2 potions of resistance
 p - 2 potions of mutation
 x - 2 potions of flight
 z - a potion of stabbing


   Skills:
 - Level 12.0 Fighting
 - Level 12.0 Armour
 - Level 12.0 Dodging
 - Level 1.0 Stealth
 + Level 15.3 Unarmed Combat
 - Level 12.0 Invocations


You had 11 spell levels left.
You didn't know any spells.
Your spell library contained the following spells:

 Spells                   Type           Power        Failure   Level
 Discord                  Hex            #.........   100%        8
 Disjunction              Tloc           #.........   100%        8


Dungeon Overview and Level Annotations

Branches:
Dungeon (1/1)

Altars:
Ashenzari
Cheibriados
Dithmenos
Elyvilon
Fedhas
Gozag
Hepliaklqana
Kikubaaqudgha
Makhleb
Nemelex Xobeh
Okawaru
Qazlal
Ru
Sif Muna
Trog
Uskayaw
Vehumet
Wu Jian
Xom
Yredelemnul
Zin
The Shining One
Beogh
Jiyva
Lugonu


Innate Abilities, Weirdness & Mutations

You are too large for most types of armour.
You have claws for hands.
Your natural rate of healing is unusually fast.
You are covered in fur. (AC +1)
You have extremely tough skin. (AC +3)


Message History

The orc knight closely misses you.
You barely miss the orc knight.
The orc knight is lightly wounded.
You mangle the orc knight!!
You claw the orc knight, but do no damage.
The orc knight is severely wounded.
The orc knight hits you with a +0 battleaxe!!
You scratch the orc knight but do no damage.
The orc knight is severely wounded.
You feel sick.
You closely miss the orc knight.
The orc knight is severely wounded.
The orc knight hits you with a +0 battleaxe!!!
* * * LOW HITPOINT WARNING * * *
You barely miss the orc knight.
The orc knight is severely wounded.
You closely miss the orc knight.
The orc knight is severely wounded.
The orc knight hits you with a +0 battleaxe!
You die...

############
#_________.#
#_________.#
#_______...###########+
##########'##..........
#..(.')))'.##......#..#
##########.##..........
#(..)(@o....'..........
#'#####'#####......#).#
#.#..#..#.†##..........
#.#..'..'.)#####'#####'
#.##'####'###.......##'
#.#........##.......##.
#.#........##.......##.
#.#####'#####...<...###
#.#...)))[.##.......# #


You could see an orc knight (strong).

Vanquished Creatures
  An anaconda (D)
  A flayed ghost (D)
  2 orc knights (D)
  4 elephants (D)
  A smoke demon (D)
  An orange demon (D)
  A demonic crawler (D)
  An efreet (D)
  A red devil (D)
  2 wandering mushrooms (D)
  A merfolk (D)
  4 blink frogs (D)
  A ynoxinul (D)
  6 yaks (D)
  Eustachio (D)
  Grum (D)
  An acid dragon (D)
  A sky beast (D)
  2 black bears (D)
  2 phantoms (D)
  An eye of draining (D)
  7 wolves (D)
  A necrophage (D)
  A scorpion (D)
  3 wights (D)
  2 crimson imps (D)
  A quasit (D)
  A gnoll shaman (D)
  A jelly (D)
  A hound (D)
  An iron imp (D)
  A worker ant (D)
  2 mummies (D)
  5 gnolls (D)
  2 ufetubi (D)
  An ooze (D)
  2 leopard geckos (D)
  2 bats (D)
  A bat skeleton (D)
  A giant cockroach (D)
  A goblin (D)
  A hobgoblin (D)
  A quokka (D)
  A ball python (D)
  A leopard gecko zombie (D)
  A rat (D)
78 creatures vanquished.

Notes
Turn   | Place    | Note
-------+----------+-------------------------------------------
     0 | D        | sahdkjhfkaj the Troll Monk began the quest for the Orb.
     0 | D        | Reached XP level 1. HP: 22/22 MP: 0/0
    16 | D        | Reached skill level 4 in Unarmed Combat
    21 | D        | Found a bloodstained altar of Trog.
    21 | D        | Found a shimmering blue altar of Sif Muna.
    21 | D        | Found a viscous altar of Jiyva.
    21 | D        | Found a hazy altar of Hepliaklqana.
    21 | D        | Found an opulent altar of Gozag.
    22 | D        | Found a glowing golden altar of the Shining One.
    22 | D        | Found a glowing silver altar of Zin.
    22 | D        | Found a basalt altar of Yredelemnul.
    22 | D        | Found a shimmering altar of Xom.
    22 | D        | Found an ornate altar of the Wu Jian Council.
    22 | D        | Found a sacrificial altar of Ru.
    22 | D        | Found a stormy altar of Qazlal.
    22 | D        | Found an iron altar of Okawaru.
    22 | D        | Found a sparkling altar of Nemelex Xobeh.
    22 | D        | Found a burning altar of Makhleb.
    22 | D        | Found a blossoming altar of Fedhas.
    22 | D        | Found a white marble altar of Elyvilon.
    22 | D        | Found a shadowy altar of Dithmenos.
    22 | D        | Found a snail-covered altar of Cheibriados.
    23 | D        | Found a radiant altar of Vehumet.
    23 | D        | Found a corrupted altar of Lugonu.
    23 | D        | Found a roughly hewn altar of Beogh.
    24 | D        | Found a hide-covered altar of Uskayaw.
    24 | D        | Found an ancient bone altar of Kikubaaqudgha.
    24 | D        | Found a broken altar of Ashenzari.
    31 | D        | Became a worshipper of Lugonu the Unformed
    31 | D        | Reached * piety under Lugonu
    31 | D        | Reached ** piety under Lugonu
    69 | D        | Reached *** piety under Lugonu
    71 | D        | Noticed a worker ant
    77 | D        | Killed a worker ant
    77 | D        | Reached skill level 5 in Unarmed Combat
    77 | D        | Reached XP level 2. HP: 30/33 MP: 1/1
    77 | D        | Reached XP level 3. HP: 37/40 MP: 2/2
   241 | D        | Reached **** piety under Lugonu
   241 | D        | Reached skill level 6 in Unarmed Combat
   294 | D        | Noticed an ogre
   295 | D        | Reached ***** piety under Lugonu
   301 | D        | Reached XP level 4. HP: 45/49 MP: 2/5
   305 | D        | Reached skill level 5 in Invocations
   361 | D        | Banished an ogre
   361 | D        | Reached XP level 5. HP: 44/55 MP: 7/10
   457 | D        | Noticed a yaktaur
   461 | D        | Banished a yaktaur
   461 | D        | Reached XP level 6. HP: 46/63 MP: 10/13
   515 | D        | Noticed a deep elf mage
   539 | D        | Banished a deep elf mage
   539 | D        | Reached skill level 7 in Unarmed Combat
   539 | D        | Reached skill level 5 in Fighting
   539 | D        | Reached skill level 8 in Unarmed Combat
   539 | D        | Reached skill level 9 in Unarmed Combat
   539 | D        | Reached XP level 7. HP: 66/76 MP: 9/15
   541 | D        | Reached XP level 8. HP: 77/87 MP: 5/16
   552 | D        | Reached ****** piety under Lugonu
   623 | D        | Noticed an efreet
   626 | D        | Banished an efreet
   626 | D        | Reached skill level 10 in Unarmed Combat
   736 | D        | Noticed a jumping spider
   739 | D        | Banished a jumping spider
   744 | D        | Banished a shadow wraith
   744 | D        | Reached skill level 11 in Unarmed Combat
   744 | D        | Reached skill level 12 in Unarmed Combat
   744 | D        | Reached XP level 9. HP: 70/101 MP: 12/17
   792 | D        | Noticed a jumping spider
   792 | D        | Noticed a demonic crawler
   793 | D        | Banished a jumping spider
   793 | D        | Reached skill level 10 in Fighting
   802 | D        | Killed a demonic crawler
   802 | D        | Reached skill level 13 in Unarmed Combat
   859 | D        | Noticed Grum
   903 | D        | Killed Grum
  1092 | D        | Noticed a lindwurm
  1093 | D        | Noticed a merfolk
  1097 | D        | Banished a lindwurm
  1097 | D        | Reached skill level 14 in Unarmed Combat
  1097 | D        | Reached skill level 1 in Armour
  1105 | D        | Killed a merfolk
  1105 | D        | Reached XP level 10. HP: 56/113 MP: 2/18
  1225 | D        | Noticed a minotaur
  1225 | D        | Noticed a minotaur
  1278 | D        | Banished a minotaur
  1278 | D        | Reached skill level 5 in Dodging
  1278 | D        | Reached skill level 15 in Unarmed Combat
  1284 | D        | Banished a minotaur
  1284 | D        | Reached skill level 5 in Armour
  1465 | D        | Paralysed by a hornet for 2 turns
  1570 | D        | Noticed an orange demon
  1570 | D        | Noticed an elephant
  1570 | D        | Noticed Eustachio
  1634 | D        | Killed an orange demon
  1637 | D        | Reached XP level 11. HP: 107/119 MP: 19/19
  1886 | D        | Killed Eustachio
  1896 | D        | Noticed a flayed ghost
  1911 | D        | Killed a flayed ghost
  1911 | D        | Reached skill level 10 in Dodging
  2198 | D        | Got The Intricacies of Theurgy
  2274 | D        | Noticed a lindwurm
  2277 | D        | Banished a lindwurm
  2277 | D        | Reached skill level 10 in Armour
  2335 | D        | Noticed an anaconda
  2355 | D        | Killed an anaconda
  2757 | D        | Noticed an orc knight
  2757 | D        | Noticed an orc knight
  2757 | D        | Noticed an orc knight
  2757 | D        | Noticed an orc knight
  2757 | D        | Noticed an orc knight
  2757 | D        | Noticed an orc knight
  2758 | D        | Noticed an orc warlord
  2758 | D        | Noticed an orc knight
  2833 | D        | Killed an orc knight
  2833 | D        | Reached XP level 12. HP: 103/130 MP: 20/20
  2834 | D        | Banished an orc warlord
  2845 | D        | HP: 1/131 [orc knight/+0 battleaxe (41)]
  2847 | D        | Mangled by an orc knight

Illustrated notes

Levels and vault maps discovered:
D:        pitsprint [storerooms_1, entrance_room_1, metal_vault_2, armoury_3,
          mini_pit_1, grid_room_1, main_hall_1, silver_pit, the_coven_3,
          the_vestibule_1, steel_vault_4, golden_pit, hallway_of_sentries,
          crystal_vault_3, iron_vault_4, final_vault]

Skill      XL: |  1  2  3  4  5  6  7  8  9 10 11 12 |
---------------+-------------------------------------+-----
Unarmed Combat | 5 6 9 12 14 15 | 15.3
Fighting       | 4 6 7 9 11 12 | 12.0
Invocations    | 3 8 11 12 | 12.0
Armour         | 1 7 11 12 | 12.0
Dodging        | 3 8 11 12 | 12.0
Stealth        | |  1.0

Action                   |  1- 3 |  4- 6 |  7- 9 | 10-12 || total
-------------------------+-------+-------+-------+-------++-------
Melee: Unarmed           |    30 |    25 |    58 |   195 ||   308
       Punch             |       |     1 |       |    20 ||    21
Invok: Banish            |       |     3 |    10 |    18 ||    31
  Use: Potion            |     1 |       |     3 |       ||     4
 Stab: Sleeping          |     2 |       |       |       ||     2
Armor: Robe              |    19 |    14 |    11 |       ||    44
       Acid dragon scale |       |       |     2 |    60 ||    62
Dodge: Dodged            |    32 |    13 |    36 |   167 ||   248

Table legend: (Time is in decaauts)
 A = Elapsed time spent in this place.
 B = Non-inter-level travel time spent in this place.
 C = Inter-level travel time spent in this place.
 D = Time resting spent in this place.
 E = Time spent auto-exploring this place.
 F = Levels seen in this place.
 G = Mean time per level.
                   A        B        C        D        E       F      G
               +--------+--------+--------+--------+--------+-----+--------+
         Total |   2786 |   2681 |    105 |   1447 |      0 |   1 | 2786.0 |
       Dungeon |   2786 |   2681 |    105 |   1447 |      0 |   1 | 2786.0 |
               +--------+--------+--------+--------+--------+-----+--------+

Top non-repeatable levels by time:
       D: 2786 daAuts
